 Seeded DCSS version 0.29.1-2-gbd0b4ee654 (webtiles) character file.

Game seed: 20221104 (custom seed)

168 Nerdsrcool the Sneak (level 5, -5/42 HPs)
             Began as a Naga Hedge Wizard on Nov 4, 2022.
             Was an Initiate of Sif Muna.
             Slain by Crazy Yiuf
             ... wielding a +2 quarterstaff of chaos
              (6 damage)
             ... on level 3 of the Dungeon.
             The game lasted 00:09:34 (3288 turns).

Nerdsrcool the Sneak (Naga Hedge Wizard)            Turns: 3288, Time: 00:09:34

Health: -5/42      AC:  6    Str: 15    XL:     5   Next: 49%
Magic:  3/10       EV:  8    Int: 14    God:    Sif Muna [......]
Gold:   168        SH:  0    Dex: 10    Spells: 8/11 levels left

rFire   x . .      SeeInvis +   k - +3 mace
rCold   + . .      Faith    .   (no shield)
rNeg    . . .      Spirit   .   b - +0 robe
rPois   +          Reflect  .   c - +0 hat
rElec   .          Harm     .   (no cloak)
rCorr   .          Rampage  .   (no gloves)
Will    .....                   g - +0 barding
Stlth   ++........              (no amulet)
HPRegen 0.14/turn               n - ring of ice
MPRegen 0.12/turn               (no ring)

@: very slow
A: AC +1, large, see invisible, deformed body, poison resistance, slowness 2,
spit poison 1, naga tail 1
a: Spit Poison, Renounce Religion


You were on level 3 of the Dungeon.
You worshipped Sif Muna.
Sif Muna was noncommittal.
You visited 1 branch of the dungeon, and saw 3 of its levels.

You collected 168 gold pieces.

Inventory:

Hand Weapons
 a - a +0 dagger
 e - a +0 club
 i - a +0 whip
 k - a +3 mace (weapon)
 s - a +0 hammer of pain
Armour
 b - a +0 robe (worn)
 c - a +0 hat (worn)
 g - a +0 barding (worn)
Jewellery
 n - a ring of ice (left hand)
Wands
 r - a wand of flame (4)
Scrolls
 o - a scroll of amnesia
 p - a scroll of identify {unknown}
 q - a scroll of brand weapon {unknown}
Potions
 d - 3 potions of magic
 f - 2 potions of flight {unknown}
 h - 3 potions of ambrosia {unknown}
 j - a potion of might {unknown}
 l - a potion of mutation {unknown}
 m - a potion of curing {unknown}


   Skills:
 + Level 2.2 Dodging
 + Level 4.5 Stealth
 + Level 3.5 Spellcasting
 + Level 2.3 Conjurations
 + Level 2.0 Summonings
 + Level 2.2 Translocations


You had 8 spell levels left.
You knew the following spells:

 Your Spells              Type           Power      Damage    Failure   Level
a - Magic Dart            Conj           32%        1d4       8%          1
b - Call Imp              Summ           8%         N/A       13%         2

Your spell library contained the following spells:

 Spells                   Type           Power      Damage    Failure   Level
 Blink                    Tloc           16%        N/A       12%         2
 Foxfire                  Conj/Fire      20%        2x1d5     13%         1
 Slow                     Hex            8%         N/A       21%         1
 Conjure Flame            Conj/Fire      5%         6-21      36%         3
 Stone Arrow              Conj/Erth      10%        3d7       36%         3
 Mephitic Cloud           Conj/Pois/Air  4%         N/A       41%         3
 Animate Armour           Summ/Erth      10%        N/A       78%         4
 Lehudib's Crystal Spear  Conj/Erth      2%         10d2      100%        8


Dungeon Overview and Level Annotations

Branches:
Dungeon (3/15)

Altars:
Sif Muna
Trog

Annotations:
D:3 Crazy Yiuf


Innate Abilities, Weirdness & Mutations

Your serpentine skin is tough. (AC +1)
You have supernaturally acute eyesight. (SInv)
Armour fits poorly on your strangely shaped body.
Your system is resistant to poisons. (rPois)
You cover ground very slowly.
You can spit poison.
You have a snake-like lower body.


Message History

You hit Crazy Yiuf but do no damage.
Crazy Yiuf is moderately wounded.
Crazy Yiuf hits you with a +2 quarterstaff of chaos!
Crazy Yiuf freezes you.
Crazy Yiuf hits you with a +2 quarterstaff of chaos.
You hit Crazy Yiuf but do no damage.
Crazy Yiuf is moderately wounded.
Crazy Yiuf hits you but does no damage.
You blink.
The magic dart hits Crazy Yiuf.
Crazy Yiuf is heavily wounded.
Crazy Yiuf yells, "Spliff!"
The magic dart hits Crazy Yiuf.
Crazy Yiuf is severely wounded.
You hit Crazy Yiuf.
Crazy Yiuf is severely wounded.
Crazy Yiuf barely misses you.
You hit Crazy Yiuf.
Crazy Yiuf is almost dead.
Crazy Yiuf barely misses you.
Crazy Yiuf hits you with a +2 quarterstaff of chaos.
You closely miss Crazy Yiuf.
Crazy Yiuf is almost dead.
Crazy Yiuf hits you with a +2 quarterstaff of chaos!
You closely miss Crazy Yiuf.
Crazy Yiuf is almost dead.
Crazy Yiuf hits you with a +2 quarterstaff of chaos.
* * * LOW HITPOINT WARNING * * *
Crazy Yiuf hits you with a +2 quarterstaff of chaos!
* * * LOW HITPOINT WARNING * * *
You feel your power leaking away.
You closely miss Crazy Yiuf.
Crazy Yiuf is almost dead.
Crazy Yiuf closely misses you.
You hit Crazy Yiuf.
Crazy Yiuf is almost dead.
Crazy Yiuf zaps a wand.
The puff of flame misses you.
You barely miss Crazy Yiuf.
Crazy Yiuf is almost dead.
Crazy Yiuf hits you with a +2 quarterstaff of chaos.
You die...

#.......##.#
#.......##.#
#.......##.##
##########...
#<.# #..#
##### ###.##
#).)# #....#
#)@)# #.....
#)g)# #......
##'##
#...#....
♣.♣♣
..###....
♣♣)♣ ###
##### ♣)♣♣
### ♣♣)♣ #.#
♣♣)♣♣ #.#
♣♣..)♣
#.##########


You could see Crazy Yiuf.

Vanquished Creatures
  Natasha (D:3)
  A gnoll (D:3)
  2 adders (D:2)
  A white imp (D:3)
  An ufetubus (D:3)
  A dart slug (D:1)
  4 endoplasms
  3 giant cockroaches (D:1)
  3 goblins (D:1)
  4 hobgoblins
  4 kobolds (D:1)
  2 quokkas (D:2)
  3 ball pythons
  4 bats
  3 frilled lizards
  8 rats
45 creatures vanquished.

Vanquished Creatures (collateral kills)
  A scorpion (D:3)
  An endoplasm (D:3)
2 creatures vanquished.

Grand Total: 47 creatures vanquished

Notes
Turn   | Place    | Note
-------+----------+-------------------------------------------
     0 | D:1      | Nerdsrcool the Naga Hedge Wizard began the quest for the
                  | Orb.
     0 | D:1      | Reached XP level 1. HP: 15/15 MP: 4/4
   321 | D:1      | Reached XP level 2. HP: 22/22 MP: 0/6
   988 | D:1      | Reached XP level 3. HP: 21/28 MP: 2/7
  2140 | D:2      | Reached XP level 4. HP: 36/36 MP: 5/8
  2658 | D:2      | Learned a level 2 spell: Call Imp
  2719 | D:3      | Found a bloodstained altar of Trog.
  2759 | D:3      | Found a shimmering blue altar of Sif Muna.
  2770 | D:3      | Got Sif Muna's Book of Battle Magic
  2772 | D:3      | Became a worshipper of Sif Muna the Loreminder
  2953 | D:3      | Noticed Natasha
  2963 | D:3      | Killed Natasha
  2964 | D:3      | Reached skill level 4 in Stealth
  3078 | D:3      | Found a faded altar of an unknown god.
  3078 | D:3      | Noticed a scorpion
  3096 | D:3      | Killed a scorpion
  3097 | D:3      | Reached XP level 5. HP: 27/42 MP: 4/10
  3264 | D:3      | Found a runed translucent door.
  3265 | D:3      | Noticed Crazy Yiuf
  3285 | D:3      | HP: 1/42 [Crazy Yiuf/+2 quarterstaff of chaos (8)]
  3288 | D:3      | Slain by Crazy Yiuf

Illustrated notes

Levels and vault maps discovered:
D:1:      denvon_arrival_planthouse, layout_loops_ring
D:2:      layout_basic, minmay_heptomino_o4
D:3:      layout_rooms, nzn_overflow_gifts_of_might_and_magic,
          nicolae_overflow_ecumenical_swirl, basic_ecumenical_altar,
          serial_bayou_pond_a, uniq_natasha, uniq_crazy_yiuf_cottage

Skill      XL: |  1  2  3  4 |
---------------+-------------+-----
Dodging        | 2 |  2.2
Stealth        | 4 |  4.5
Conjurations   | 2 |  2.3
Translocations | 2 |  2.2
Summonings     | 2 |  2.0
Spellcasting   | |  3.5

Action                   |  1- 3 |  4- 6 || total
-------------------------+-------+-------++-------
Melee: Dagger            |    12 |       ||    12
       Club              |     4 |       ||     4
       Whip              |    53 |     2 ||    55
       Punch             |     1 |     1 ||     2
       Mace              |       |    18 ||    18
       Unarmed           |       |     4 ||     4
 Cast: Magic Dart        |    78 |    22 ||   100
       Call Imp          |       |     6 ||     6
 Abil: Spit Poison       |     2 |     3 ||     5
  Use: Scroll            |       |     3 ||     3
Armor: Robe              |    29 |     6 ||    35
       Skin              |       |     2 ||     2
Dodge: Dodged            |    34 |     7 ||    41
